Map: Oceanborn LE

Players

Skraluki

  • Race: Protoss Protoss
  • Spawn Location: 11:00

Darwinner - Winner!

  • Race: Terran Terran
  • Spawn Location: 5:00

VOD

Have the link to the VOD?

Description

Rostam vs Darwin

Time

  • Played on: July 13, 2024, 12:27 p.m.
  • Length: 14:02
Show
View Real Time Build Order
Export as new Build Order

Skraluki Protoss 

Build Orders:  

Get SALT Encoding   

  12  0:01  Probe  
  13  0:13  Probe  
  14  0:24  Assimilator  
  14  0:25  Probe  
  15  0:37  Pylon  
  15  0:55  Probe  
  16  0:58  Gateway  
  16  1:07  Probe  
  17  1:19  Probe  
  17  1:21  Pylon  
  18  1:30  Assimilator  
  18  1:31  Probe  
  19  1:40  Forge  
  19  1:43  Probe  
  20  1:51  Pylon  
  20  1:55  Probe  
  20  1:57  Zealot  
  23  2:12  Nexus  
  23  2:21  Protoss Shields Level 1  
  23  2:24  Probe  
  24  2:35  Pylon  
  24  2:36  Probe  
  25  2:42  Zealot  
  27  2:48  Probe  
  28  3:09  Zealot  
  28  3:13  Cybernetics Core  
  26  3:28  Cybernetics Core  
  26  3:35  Probe  
  26  3:37  Zealot  
  27  3:47  Probe  
  28  3:50  Probe  
  29  3:59  Probe  
  28  4:04  Zealot  
  28  4:06  Warp Gate  
  30  4:11  Probe  
  31  4:23  Probe  
  32  4:31  Stalker  
  32  4:34  Protoss Ground Armor Level 1  
  32  4:35  Probe  
  28  4:47  Probe  
  28  4:48  Gateway  
  29  4:56  Photon Cannon  
  29  4:58  Photon Cannon  
  28  5:01  Stalker  
  25  5:31  Stalker  
  25  5:35  Photon Cannon  
  27  5:37  Probe  
  27  5:40  Shield Battery  
  28  5:49  Probe  
  29  6:02  Probe  
  28  6:06  Stalker  
  30  6:18  Probe  
  31  6:28  Twilight Council  
  31  6:30  Probe  
  31  6:31  Protoss Air Armor Level 1  
  32  6:35  Stalker x2  
  36  6:42  Probe  
  36  7:06  Stalker  
  36  7:07  Stalker  
  38  7:21  Probe  
  37  7:33  Probe  
  37  7:35  Pylon  
  37  7:36  Pylon  
  38  7:38  Blink  
  38  7:40  Pylon  
  38  7:45  Probe  
  38  7:49  Templar Archives  
  39  7:58  Probe  
  38  8:06  Stalker  
  38  8:07  Stalker  
  42  8:21  Probe  
  42  8:26  Nexus  
  43  8:33  Probe  
  44  8:36  Assimilator  
  44  8:39  Adept  
  46  8:46  Probe  
  47  8:58  Probe  
  48  9:10  Probe  
  48  9:15  Zealot x2  
  49  9:41  High Templar  
  49  9:42  High Templar  
  49  9:44  Probe  
  54  9:46  Probe  
  54  9:50  Psionic Storm  
  55  9:55  Resonating Glaives  
  55  9:56  Probe  
  55  9:58  Probe  
  57  10:08  Probe  
  57  10:10  Probe  
  59  10:20  Probe  
  60  10:22  High Templar, Probe, Gateway  
  60  10:23  High Templar  
  60  10:45  Pylon  
  60  10:48  Pylon  
  46  11:00  Stalker x2  
  47  11:18  High Templar  
  47  11:22  Probe  
  46  11:28  Probe  
  46  11:40  Probe  
  46  11:46  Dark Shrine  
  46  11:52  Probe  
  44  12:02  Stalker x2  
  44  12:04  Stalker  
  46  12:12  Probe  
  29  12:24  Probe  
  29  12:27  Stalker  
  29  12:29  Stalker  
  31  12:36  Probe  
  26  12:49  Probe  
  23  13:01  Probe  
  23  13:05  High Templar x2  
  23  13:13  Probe  
  16  13:24  Shield Battery  
  16  13:25  Probe  
  14  13:32  Adept  
Show
View Real Time Build Order
Export as new Build Order

Darwinner Terran - Winner!

Build Orders:  

Get SALT Encoding   

  12  0:00  SCV  
  13  0:13  SCV  
  14  0:24  Supply Depot  
  14  0:25  SCV  
  15  0:46  SCV  
  15  0:47  Supply Depot  
  16  1:13  SCV  
  16  1:16  Barracks x2  
  17  1:25  SCV  
  18  1:37  SCV  
  19  1:49  Command Center  
  20  1:56  SCV  
  20  2:03  Marine x2  
  22  2:23  Bunker  
  22  2:28  Marine x2  
  24  2:46  SCV, Marine x2  
  24  2:49  Refinery  
  27  2:58  SCV  
  27  3:04  Marine x2  
  28  3:10  Bunker  
  25  3:36  Marine x2  
  26  3:48  SCV  
  26  3:50  SCV  
  26  3:54  Marine x2  
  29  4:00  SCV  
  30  4:03  SCV  
  31  4:12  SCV, Marine x2  
  31  4:15  SCV  
  35  4:17  Engineering Bay  
  35  4:20  Engineering Bay  
  35  4:24  SCV  
  35  4:30  Marine x2  
  38  4:36  SCV  
  39  4:48  SCV  
  39  4:52  Bunker  
  40  4:57  Marine x2  
  42  5:01  SCV  
  43  5:13  SCV  
  42  5:15  Marine x2  
  44  5:25  SCV  
  45  5:30  Terran Infantry Weapons Level 1  
  45  5:31  Terran Infantry Armor Level 1  
  45  5:33  Marine  
  46  5:37  Factory  
  46  5:43  Orbital Command  
  46  5:47  SCV, Supply Depot  
  46  5:50  Marine  
  41  5:59  SCV  
  39  6:09  Refinery, Supply Depot  
  39  6:11  SCV  
  40  6:16  SCV  
  41  6:23  Refinery, SCV  
  42  6:28  SCV  
  43  6:33  Supply Depot  
  43  6:35  SCV  
  44  6:46  Starport  
  44  6:47  SCV  
  45  6:54  Marine x2  
  45  6:59  SCV  
  47  7:01  Bunker  
  46  7:08  Barracks  
  46  7:10  Factory Tech Lab  
  46  7:11  SCV  
  46  7:12  Marine x2  
  47  7:30  Marine x2  
  47  7:32  SCV  
  50  7:40  SCV  
  51  7:47  Command Center  
  51  7:48  Marine x2  
  53  7:51  Starport  
  53  7:52  SCV  
  53  7:55  Medivac  
  53  7:57  Fusion Core  
  53  8:04  SCV  
  53  8:06  Marine x2  
  53  8:11  Bunker  
  55  8:16  SCV  
  56  8:20  Armory  
  56  8:23  Marine  
  57  8:28  SCV  
  57  8:32  Medivac, Fusion Core  
  60  8:37  Starport Tech Lab  
  60  8:49  SCV  
  60  8:54  Siege Tank  
  64  9:02  Marine x2  
  65  9:04  Marine  
  66  9:14  Missile Turret  
  66  9:19  Starport Tech Lab  
  66  9:20  Marine x2  
  66  9:22  Banshee, Marine  
  72  9:30  Starport  
  72  9:40  Marine x2  
  74  9:46  Banshee  
  74  9:50  SCV  
  78  9:54  Refinery  
  78  10:02  SCV  
  79  10:13  Barracks Reactor  
  79  10:14  Barracks Reactor  
  79  10:15  Refinery, Barracks Reactor, SCV, Barracks  
  79  10:16  Command Center  
  80  10:27  SCV  
  80  11:30  Battlecruiser  
  86  11:34  Starport Tech Lab  
  86  11:37  SCV  
  87  11:40  Refinery  
  87  11:49  SCV  
  80  12:01  SCV  
  78  12:41  Thor  
  84  12:44  Marine x5  
  84  12:45  Marine  
  90  13:02  Marine x6  
  96  13:20  Marine x2  
  98  13:33  SCV  
  99  13:34  Supply Depot  
  99  13:45  SCV  
  106  13:59  Supply Depot  
Tags
 
Matchup
PvT
Spawn Locations
Cross Positions
Add a new tag
Caveats
  • Supply blocks, unpowered buildings, or Contaminate may cause inaccurate times.
  • Supply counts are checked every 10 seconds.